Moose vs Phantoms
Created - April 20, 2022 at 19:03
Goals
|
| Moose |
0 |
2 |
0 |
2 |
| Phantoms |
0 |
3 |
3 |
6 |
|
Shots
|
| Moose |
11 |
11 |
3 |
25 |
| Phantoms |
10 |
15 |
11 |
36 |
|
1st period
No Goal
Penalties :
Brendan Lemieux (Man) for High sticking (Minor) at 13:37
2nd period
1. Moose , Miro Aaltonen 37 (Sam Reinhart 18) at 0:12
2. Phantoms , Michael Bournival 21 (Travis Konecny 49, Brenden Kichton 9) at 2:53
3. Moose , Miro Aaltonen 38 (Brendan Lemieux 25, Sam Reinhart 19) at 6:54
4. Phantoms , Alex DeBrincat 19 (Nick Shore 30, Mark Alt 10) at 12:45
5. Phantoms , Brendan Leipsic 4 (Mark Alt 11) at 18:38 (SH)
Penalties :
Brendan Lemieux (Man) for Hooking (Minor) at 4:25, Sven Andrighetto (Leh) for Holding (Minor) at 17:10
3rd period
6. Phantoms , Michael Bournival 22 (Ivan Provorov 27, Anton Forsberg) at 10:18
7. Phantoms , Morgan Klimchuk 18 (Cristoval Nieves 27) at 13:54
8. Phantoms , Travis Konecny 50 (Brenden Kichton 10) at 16:36
Penalties :
Brendan Lemieux (Man) for Charging (Minor) at 4:03, Calle Jarnkrok (Leh) for Interference (Minor) at 10:27, Travis Konecny (Leh) for Boarding (Minor) at 14:09
Goalie Stats
Filip Gustavsson (Man), 30 saves from 36 shots - (0.833), L, 13-14-4, 60:00 minutes
Anton Forsberg (Leh), 23 saves from 25 shots - (0.920), W, 26-13-2, 60:00 minutes
Players Stats for Moose
Player Name G A P +/- PIM S H SB GA TA FO MP PP MP PK MP
------------------------------------------------------------------------------------
Brendan Lemieux 0 1 1 0 6 3 2 1 0 1 1/4 21:22 3:13 0:00
Carl Grundstrom 0 0 0 -1 0 0 1 0 0 0 0/0 7:54 0:00 0:00
Chase De Leo 0 0 0 -1 0 0 1 0 0 2 3/6 11:00 0:00 3:06
Dominik Kahun 0 0 0 -3 0 0 2 0 0 0 3/9 17:34 2:44 2:15
Erik Cernak 0 0 0 0 0 1 1 0 0 2 0/0 17:53 0:00 2:36
Iiro Pakarinen 0 0 0 -3 0 3 5 0 0 0 0/1 15:00 2:44 0:07
Justin Bailey 0 0 0 -3 0 2 3 2 0 0 1/2 18:07 2:44 2:40
Ludwig Bystrom 0 0 0 -1 0 1 0 0 0 0 0/0 17:16 2:03 3:21
Mathieu Joseph 0 0 0 0 0 1 1 0 0 0 0/0 9:51 0:00 0:00
Michael McLeod 0 0 0 0 0 2 1 0 0 0 2/5 12:23 0:00 2:32
Mirco Mueller 0 0 0 -3 0 1 0 0 0 0 0/0 21:17 0:00 3:21
Miro Aaltonen 2 0 2 0 0 3 0 0 0 0 9/26 21:07 3:13 0:08
Nathan Walker 0 0 0 0 0 0 2 0 1 1 0/0 11:00 0:00 1:06
Rem Pitlick 0 0 0 -1 0 0 1 0 1 0 0/0 7:54 0:00 0:00
Sam Reinhart 0 2 2 0 0 6 0 0 0 1 2/2 20:48 3:13 0:00
Tony DeAngelo 0 0 0 0 0 1 0 1 0 1 0/0 21:44 3:54 0:00
Troy Stetcher 0 0 0 -4 0 1 0 1 0 1 0/0 22:08 3:54 0:00
Vladislav Gavrikov 0 0 0 0 0 0 2 0 0 0 0/0 19:42 2:03 2:36
Players Stats for Phantoms
Player Name G A P +/- PIM S H SB GA TA FO MP PP MP PK MP
------------------------------------------------------------------------------------
Alex DeBrincat 1 0 1 2 0 3 1 0 0 0 0/1 17:09 2:37 0:00
Anthony Angello 0 0 0 1 0 0 0 0 0 0 0/0 1:34 0:00 1:34
Blake Heinrich 0 0 0 1 0 2 0 0 0 0 0/0 10:45 0:00 0:00
Brendan Leipsic 1 0 1 1 0 1 0 0 0 0 0/0 1:27 0:05 1:21
Brenden Kichton 0 2 2 1 0 1 0 0 0 0 0/0 10:45 0:00 0:00
Calle Jarnkrok 0 0 0 1 2 5 1 1 1 0 19/30 20:33 3:15 2:21
Cristoval Nieves 0 1 1 0 0 1 2 0 1 0 2/4 10:07 0:00 0:22
David Kampf 0 0 0 0 0 0 0 0 0 0 0/0 0:06 0:05 0:00
Devon Teows 0 0 0 1 0 1 1 1 0 0 0/0 5:50 0:00 0:00
Erik Nystrom 0 0 0 0 0 1 0 0 1 0 0/0 8:51 0:00 0:15
Ivan Provorov 0 1 1 3 0 0 0 1 0 0 0/0 17:07 2:17 2:25
Jake Dotchin 0 0 0 -1 0 1 0 0 1 0 0/0 26:18 3:40 3:32
JC Lipon 0 0 0 0 0 0 1 0 0 0 0/0 8:39 0:05 0:00
Laurent Dauphin 0 0 0 0 0 0 0 0 0 0 0/1 2:00 0:00 1:40
Lucas Wallmarkk 0 0 0 0 0 1 1 0 0 1 0/2 8:33 0:00 0:00
Mark Alt 0 2 2 3 0 1 1 0 0 1 0/0 17:07 2:17 2:25
Michael Bournival 2 0 2 1 0 6 1 1 0 0 2/2 21:28 3:15 3:18
Mikko Lehtonen 0 0 0 0 0 0 0 0 0 0 0/0 0:26 0:10 0:00
Morgan Klimchuk 1 0 1 0 0 1 1 0 1 0 0/0 9:42 0:00 0:00
Nick Shore 0 1 1 2 0 4 2 0 1 0 9/13 17:09 2:37 0:00
Nick Sorensen 0 0 0 0 0 0 2 1 0 0 0/0 9:42 0:00 0:00
Reid McNeill 0 0 0 -1 0 1 0 2 0 0 0/0 25:52 3:30 3:32
Rinat Valiev 0 0 0 1 0 0 0 0 0 0 0/0 5:50 0:00 0:00
Sven Andrighetto 0 0 0 2 2 1 3 1 1 0 1/1 18:11 2:37 0:43
Travis Konecny 1 1 2 1 2 5 1 0 2 0 1/1 18:49 3:15 0:20
3 Stars
1 - Michael Bournival (Leh)
2 - Mark Alt (Leh)
3 - Alex DeBrincat (Leh)
Power Play
Moose - 0 on 3 Attempt(s) - 0.00%
Phantoms - 0 on 3 Attempt(s) - 0.00%
Penalty Kill
Moose - 3 on 3 Attempt(s) - 100.00%
- Score 0 goal in Penalty Kill
Phantoms - 3 on 3 Attempt(s) - 100.00%
- Score 1 goal in Penalty Kill
Team Stat
Moose - Hits : 22 - Faceoff Wins : 21 - Blocked Shots : 5 - Penalty Minutes : 6
Phantoms - Hits : 18 - Faceoff Wins : 34 - Blocked Shots : 8 - Penalty Minutes : 6
Official
Referees : Brandon Schrader and Jean Hebert
Linesman : Trent Knorr and Ryan Galloway
Game Notes
12:18 of 1st period - Moose goal is going for a video replay. After video review, No Goal. The referee deems the play has been stopped, even if he had not physically had the opportunity to stop play by blowing his whistle.
Finance
Level 1 -- Attendance: 1852 (92.60%) -- Ticket Income $64,820
Level 2 -- Attendance: 619 (61.90%) -- Ticket Income $12,380
Total Attendance: 2471 (82.37%)
Total Ticket Income: $77,200
Other Income: $3,860
Total Income: $81,060
Moose
5 vs 5 Forward
Center Left Wing Right Wing Time % Phy DF OF
1 Miro Aaltonen Brendan Lemieux Sam Reinhart 40 1 2 2
2 Dominik Kahun Justin Bailey Iiro Pakarinen 30 1 2 2
3 Michael McLeod Nathan Walker Mathieu Joseph 20 1 2 2
4 Chase De Leo Rem Pitlick Carl Grundstrom 10 1 2 2
5 vs 5 Defense
Defense Defense Time % Phy DF OF
1 Troy Stetcher Mirco Mueller 40 1 2 2
2 Vladislav Gavrikov Tony DeAngelo 30 1 2 2
3 Ludwig Bystrom Erik Cernak 20 1 2 2
4 Tony DeAngelo Erik Cernak 10 1 2 2
PowerPlay Forward
Center Left Wing Right Wing Time % Phy DF OF
1 Miro Aaltonen Brendan Lemieux Sam Reinhart 60 1 2 2
2 Dominik Kahun Justin Bailey Iiro Pakarinen 40 1 2 2
PowerPlay Defense
Defense Defense Time % Phy DF OF
1 Troy Stetcher Tony DeAngelo 60 1 2 2
2 Vladislav Gavrikov Ludwig Bystrom 40 1 2 2
Penalty Kill 4 Players Forward
Center Wing Time % Phy DF OF
1 Chase De Leo Brendan Lemieux 60 1 2 2
2 Michael McLeod Iiro Pakarinen 40 1 2 2
Penalty Kill 4 Players Defense
Defense Defense Time % Phy DF OF
1 Mirco Mueller Ludwig Bystrom 60 1 2 2
2 Vladislav Gavrikov Erik Cernak 40 1 2 2
Penalty Kill - 3 Players Forward
Forward Time % Phy DF OF
1 Iiro Pakarinen 60 1 2 2
2 Miro Aaltonen 40 1 2 2
Penalty Kill - 3 Players Defense
Defense Defense Time % Phy DF OF
1 Mirco Mueller Ludwig Bystrom 60 1 2 2
2 Vladislav Gavrikov Erik Cernak 40 1 2 2
4 vs 4 Forward
Center Wing Time % Phy DF OF
1 Miro Aaltonen Sam Reinhart 60 1 2 2
2 Dominik Kahun Brendan Lemieux 40 1 2 2
4 vs 4 Defense
Defense Defense Time % Phy DF OF
1 Troy Stetcher Ludwig Bystrom 60 1 2 2
2 Vladislav Gavrikov Tony DeAngelo 40 1 2 2
Last Minutes Offensive
Center Left Wing Right Wing Defense Defense
Miro Aaltonen Brendan Lemieux Sam Reinhart Troy Stetcher Tony DeAngelo
Last Minutes Defensive
Center Left Wing Right Wing Defense Defense
Miro Aaltonen Nathan Walker Mathieu Joseph Mirco Mueller Ludwig Bystrom
Goaltenders
Starting : Filip Gustavsson
Backup : Elvis Merzlikins
Extra Forwards
Normal : Justin Bailey, Sam Reinhart, Brendan Lemieux - PP : Michael McLeod, Rem Pitlick - PK : Michael McLeod
Extra Defensemen
Normal : Mirco Mueller, Erik Cernak, Vladislav Gavrikov - PP : Vladislav Gavrikov - PK : Ludwig Bystrom, Vladislav Gavrikov
Penalty Shots
Nathan Walker, Miro Aaltonen, Michael McLeod, Iiro Pakarinen, Rem Pitlick
Scratches
David Kase (Healthy), Jesse Graham (Healthy), Matthew Benning (Healthy), Mitchell Stephens (Healthy), Nikolay Goldobin (Sprained Right Ankle Injury)
Julien Gauthier (Healthy), Josh Mahura (Healthy), Max Jones (Healthy), Nathan Bastian (Healthy), Tim Gettinger (Healthy)
Joey Daccord (Healthy)
Phantoms
5 vs 5 Forward
Center Left Wing Right Wing Time % Phy DF OF
1 Calle Jarnkrok Michael Bournival Travis Konecny 40 1 2 2
2 Nick Shore Alex DeBrincat Sven Andrighetto 30 1 2 2
3 Cristoval Nieves Morgan Klimchuk Nick Sorensen 20 1 2 2
4 Lucas Wallmarkk Erik Nystrom JC Lipon 10 1 2 2
5 vs 5 Defense
Defense Defense Time % Phy DF OF
1 Reid McNeill Jake Dotchin 40 1 2 2
2 Ivan Provorov Mark Alt 30 1 2 2
3 Blake Heinrich Brenden Kichton 20 1 2 2
4 Rinat Valiev Devon Teows 10 1 2 2
PowerPlay Forward
Center Left Wing Right Wing Time % Phy DF OF
1 Calle Jarnkrok Michael Bournival Travis Konecny 60 1 2 2
2 Nick Shore Alex DeBrincat Sven Andrighetto 40 1 2 2
PowerPlay Defense
Defense Defense Time % Phy DF OF
1 Reid McNeill Jake Dotchin 60 1 2 2
2 Ivan Provorov Mark Alt 40 1 2 2
Penalty Kill 4 Players Forward
Center Wing Time % Phy DF OF
1 Calle Jarnkrok Michael Bournival 60 1 2 2
2 Travis Konecny Sven Andrighetto 40 1 2 2
Penalty Kill 4 Players Defense
Defense Defense Time % Phy DF OF
1 Reid McNeill Jake Dotchin 60 1 2 2
2 Ivan Provorov Mark Alt 40 1 2 2
Penalty Kill - 3 Players Forward
Forward Time % Phy DF OF
1 Calle Jarnkrok 60 1 2 2
2 Michael Bournival 40 1 2 2
Penalty Kill - 3 Players Defense
Defense Defense Time % Phy DF OF
1 Reid McNeill Jake Dotchin 60 1 2 2
2 Ivan Provorov Mark Alt 40 1 2 2
4 vs 4 Forward
Center Wing Time % Phy DF OF
1 Calle Jarnkrok Michael Bournival 60 1 2 2
2 Travis Konecny Sven Andrighetto 40 1 2 2
4 vs 4 Defense
Defense Defense Time % Phy DF OF
1 Reid McNeill Jake Dotchin 60 1 2 2
2 Ivan Provorov Mark Alt 40 1 2 2
Last Minutes Offensive
Center Left Wing Right Wing Defense Defense
Calle Jarnkrok Michael Bournival Travis Konecny Reid McNeill Jake Dotchin
Last Minutes Defensive
Center Left Wing Right Wing Defense Defense
Calle Jarnkrok Michael Bournival Travis Konecny Reid McNeill Jake Dotchin
Goaltenders
Starting : Anton Forsberg
Backup : Zachary Fucale
Extra Forwards
Normal : David Kampf, Brendan Leipsic, Laurent Dauphin - PP : David Kampf, Brendan Leipsic - PK : Laurent Dauphin
Extra Defensemen
Normal : Mikko Lehtonen, Blake Heinrich, Brenden Kichton - PP : Mikko Lehtonen - PK : Blake Heinrich, Brenden Kichton
Penalty Shots
Calle Jarnkrok, Michael Bournival, Travis Konecny, Sven Andrighetto, Alex DeBrincat
Scratches
A.J. Greer (Healthy), Cooper Marody (Healthy), Brett Murray (Healthy), Matt Kiersted (Healthy), Riley Stillman (Healthy)
Jason Kasdorf (Healthy)
% Time on Ice - Moose
Lines # - Real PCT - Wanted PCT - Time Play
Normal Forward
1 - 38% - 40% - 18:12
2 - 25% - 30% - 12:09
3 - 20% - 20% - 9:51
4 - 16% - 10% - 7:54
Normal Defense
1 - 38% - 40% - 18:17
2 - 31% - 30% - 15:08
3 - 23% - 20% - 11:16
4 - 7% - 10% - 3:25
PP Forward
1 - 54% - 60% - 3:13
2 - 46% - 40% - 2:44
PP Defense
1 - 66% - 60% - 3:54
2 - 34% - 40% - 2:03
PK Forward
1 - 98% - 60% - 5:50
2 - 2% - 40% - 0:07
PK Defense
1 - 56% - 60% - 3:21
2 - 44% - 40% - 2:36
PK3 Forward
1 - 0% - 60%
2 - 0% - 40%
PK3 Defense
1 - 0% - 60%
2 - 0% - 40%
44 Forward
1 - 0% - 60%
2 - 0% - 40%
44 Defense
1 - 0% - 60%
2 - 0% - 40%
Last Minute Offensive - 0:00
Last Minute Defensive - 0:00
Total
Forward - 60:00
Defense - 60:00
|
% Time on Ice - Phantoms
Lines # - Real PCT - Wanted PCT - Time Play
Normal Forward
1 - 31% - 40% - 14:59
2 - 31% - 30% - 14:52
3 - 20% - 20% - 9:42
4 - 18% - 10% - 8:33
Normal Defense
1 - 40% - 40% - 19:06
2 - 26% - 30% - 12:25
3 - 22% - 20% - 10:45
4 - 12% - 10% - 5:50
PP Forward
1 - 56% - 60% - 3:20
2 - 44% - 40% - 2:37
PP Defense
1 - 62% - 60% - 3:40
2 - 38% - 40% - 2:17
PK Forward
1 - 82% - 60% - 4:54
2 - 18% - 40% - 1:03
PK Defense
1 - 59% - 60% - 3:32
2 - 41% - 40% - 2:25
PK3 Forward
1 - 0% - 60%
2 - 0% - 40%
PK3 Defense
1 - 0% - 60%
2 - 0% - 40%
44 Forward
1 - 0% - 60%
2 - 0% - 40%
44 Defense
1 - 0% - 60%
2 - 0% - 40%
Last Minute Offensive - 0:00
Last Minute Defensive - 0:00
Total
Forward - 60:00
Defense - 60:00
|
Play-by-Play
1st period
0:01 of 1st period - Miro Aaltonen wins face-off versus Calle Jarnkrok in neutral zone.
0:06 of 1st period - Snap shot by Sam Reinhart.
0:06 of 1st period - Stopped by Anton Forsberg with a rebound.
0:08 of 1st period - Slapshot by Mirco Mueller.
0:08 of 1st period - Shot Misses the Net.
0:26 of 1st period - Reid McNeill is hit by Iiro Pakarinen.
1:14 of 1st period - Snap shot by Lucas Wallmarkk.
1:14 of 1st period - Stopped by Filip Gustavsson with a rebound.
1:16 of 1st period - Snap shot by Erik Nystrom.
1:16 of 1st period - Deflect By Ludwig Bystrom.
1:16 of 1st period - Shot Misses the Net.
1:16 of 1st period - Puck is out of play.
1:17 of 1st period - Calle Jarnkrok wins face-off versus Miro Aaltonen in Moose zone.
1:42 of 1st period - Mark Alt is hit by Iiro Pakarinen and loses puck.
1:57 of 1st period - Mirco Mueller is hit by Sven Andrighetto and loses puck.
2:06 of 1st period - Snap shot by Michael McLeod.
2:06 of 1st period - Deflect By Sven Andrighetto.
2:06 of 1st period - Stopped by Anton Forsberg with a rebound.
2:08 of 1st period - Snap shot by Troy Stetcher.
2:08 of 1st period - Stopped by Anton Forsberg without a rebound.
2:09 of 1st period - Calle Jarnkrok wins face-off versus Miro Aaltonen in Phantoms zone.
2:34 of 1st period - Cristoval Nieves is hit by Dominik Kahun and loses puck.
2:53 of 1st period - Mark Alt is hit by Carl Grundstrom and loses puck.
3:38 of 1st period - Wrist shot by Michael Bournival.
3:38 of 1st period - Deflect By Calle Jarnkrok.
3:38 of 1st period - Shot Blocked by Justin Bailey.
3:38 of 1st period - Puck is out of play.
3:39 of 1st period - Dominik Kahun wins face-off versus Calle Jarnkrok in Moose zone.
3:39 of 1st period - Dominik Kahun is hit by Michael Bournival.
4:07 of 1st period - Wrist shot by Sam Reinhart.
4:07 of 1st period - Stopped by Anton Forsberg with a rebound.
4:09 of 1st period - Snap shot by Sam Reinhart.
4:09 of 1st period - Stopped by Anton Forsberg with a rebound.
4:11 of 1st period - Slapshot by Troy Stetcher.
4:11 of 1st period - Shot Blocked by Nick Sorensen.
4:24 of 1st period - Off-side.
4:25 of 1st period - Nick Shore wins face-off versus Michael McLeod in neutral zone.
5:14 of 1st period - Snap shot by Justin Bailey.
5:14 of 1st period - Shot Misses the Net.
7:42 of 1st period - Slapshot by Sam Reinhart.
7:42 of 1st period - Stopped by Anton Forsberg without a rebound.
7:43 of 1st period - Calle Jarnkrok wins face-off versus Brendan Lemieux in Phantoms zone.
8:29 of 1st period - Slapshot by Rem Pitlick.
8:29 of 1st period - Shot Misses the Net.
9:18 of 1st period - Snap shot by Brendan Lemieux.
9:18 of 1st period - Shot Misses the Net.
9:20 of 1st period - Snap shot by Miro Aaltonen.
9:20 of 1st period - Shot Blocked by Devon Teows.
9:22 of 1st period - Wrist shot by Mirco Mueller.
9:22 of 1st period - Deflect By Miro Aaltonen.
9:22 of 1st period - Shot Misses the Net.
9:22 of 1st period - Puck is out of play.
9:23 of 1st period - Justin Bailey wins face-off versus Nick Shore in Phantoms zone.
9:30 of 1st period - Slapshot by Iiro Pakarinen.
9:30 of 1st period - Stopped by Anton Forsberg without a rebound.
9:31 of 1st period - Sven Andrighetto wins face-off versus Dominik Kahun in Phantoms zone.
9:44 of 1st period - Wrist shot by Justin Bailey.
9:44 of 1st period - Stopped by Anton Forsberg without a rebound.
9:45 of 1st period - Miro Aaltonen wins face-off versus Calle Jarnkrok in Phantoms zone.
9:58 of 1st period - Slapshot by Travis Konecny.
9:58 of 1st period - Shot Blocked by Brendan Lemieux.
10:00 of 1st period - Backhand shot by Calle Jarnkrok.
10:00 of 1st period - Stopped by Filip Gustavsson without a rebound.
10:01 of 1st period - Cristoval Nieves wins face-off versus Dominik Kahun in Moose zone.
10:12 of 1st period - Snap shot by Iiro Pakarinen.
10:12 of 1st period - Shot Blocked by Ivan Provorov.
10:26 of 1st period - Ivan Provorov is hit by Erik Cernak and loses puck.
11:29 of 1st period - Mirco Mueller is hit by Morgan Klimchuk and loses puck.
11:34 of 1st period - Snap shot by Cristoval Nieves.
11:34 of 1st period - Shot Blocked by Justin Bailey.
11:36 of 1st period - Snap shot by Blake Heinrich.
11:36 of 1st period - Stopped by Filip Gustavsson with a rebound.
11:38 of 1st period - Snap shot by Brenden Kichton.
11:38 of 1st period - Stopped by Filip Gustavsson with a rebound.
11:40 of 1st period - Snap shot by Blake Heinrich.
11:40 of 1st period - Stopped by Filip Gustavsson without a rebound.
11:41 of 1st period - Travis Konecny wins face-off versus Miro Aaltonen in Moose zone.
11:52 of 1st period - Snap shot by Travis Konecny.
11:52 of 1st period - Shot Misses the Net.
11:54 of 1st period - Slapshot by Mark Alt.
11:54 of 1st period - Deflect By Travis Konecny.
11:54 of 1st period - Stopped by Filip Gustavsson with a rebound.
11:56 of 1st period - Snap shot by Michael Bournival.
11:56 of 1st period - Stopped by Filip Gustavsson with a rebound.
12:16 of 1st period - Snap shot by Iiro Pakarinen.
12:16 of 1st period - Stopped by Anton Forsberg with a rebound.
12:18 of 1st period - Slapshot by Justin Bailey.
12:18 of 1st period - Moose goal is going for a video replay.
12:18 of 1st period - The goal is refused. The referee deems the play has been stopped, even if he had not physically had the opportunity to stop play by blowing his whistle..
12:19 of 1st period - Calle Jarnkrok wins face-off versus Michael McLeod in Phantoms zone.
12:34 of 1st period - Snap shot by Michael McLeod.
12:34 of 1st period - Shot Blocked by Calle Jarnkrok.
13:06 of 1st period - Icing by Nick Shore.
13:07 of 1st period - Nick Shore wins face-off versus Dominik Kahun in Phantoms zone.
13:20 of 1st period - Snap shot by Iiro Pakarinen.
13:20 of 1st period - Deflect By Dominik Kahun.
13:20 of 1st period - Shot Misses the Net.
13:20 of 1st period - Puck is out of play.
13:21 of 1st period - Miro Aaltonen wins face-off versus Calle Jarnkrok in Phantoms zone.
13:28 of 1st period - Snap shot by Miro Aaltonen.
13:28 of 1st period - Stopped by Anton Forsberg without a rebound.
13:29 of 1st period - Sam Reinhart wins face-off versus Calle Jarnkrok in Phantoms zone.
13:37 of 1st period - Minor Penalty to Brendan Lemieux for High sticking.
13:38 of 1st period - Chase De Leo wins face-off versus Calle Jarnkrok in Moose zone.
14:07 of 1st period - Off-side.
14:08 of 1st period - Chase De Leo wins face-off versus Nick Shore in neutral zone.
14:13 of 1st period - Snap shot by Chase De Leo.
14:13 of 1st period - Shot Misses the Net.
14:19 of 1st period - Snap shot by Nick Shore.
14:19 of 1st period - Shot Misses the Net.
14:21 of 1st period - Backhand shot by Mark Alt.
14:21 of 1st period - Stopped by Filip Gustavsson with a rebound.
14:23 of 1st period - Slapshot by Sven Andrighetto.
14:23 of 1st period - Stopped by Filip Gustavsson with a rebound.
14:35 of 1st period - Michael Bournival is hit by Justin Bailey and loses puck.
15:37 of 1st period - Penalty to Brendan Lemieux is over, Brendan Lemieux is back on ice.
15:52 of 1st period - Mark Alt is hit by Vladislav Gavrikov and loses puck.
17:35 of 1st period - Off-side.
17:36 of 1st period - Michael McLeod wins face-off versus Cristoval Nieves in neutral zone.
17:38 of 1st period - Off-side.
17:39 of 1st period - Cristoval Nieves wins face-off versus Michael McLeod in neutral zone.
17:48 of 1st period - Blake Heinrich is hit by Nathan Walker and loses puck.
18:05 of 1st period - Sam Reinhart is hit by Travis Konecny and loses puck.
18:18 of 1st period - Snap shot by Travis Konecny.
18:18 of 1st period - Stopped by Filip Gustavsson with a rebound.
19:35 of 1st period - Brendan Lemieux is hit by Nick Sorensen and loses puck.
19:44 of 1st period - Morgan Klimchuk is hit by Brendan Lemieux and loses puck.
Goals for this period are 0 for Moose vs 0 for Phantoms.
Shots for this period are 11 for Moose vs 10 for Phantoms.
2nd period
0:01 of 2nd period - Miro Aaltonen wins face-off versus Calle Jarnkrok in neutral zone.
0:12 of 2nd period - Snap shot by Miro Aaltonen.
0:12 of 2nd period - Goal by Miro Aaltonen - Moose : 1 - Phantoms : 0.
0:13 of 2nd period - Miro Aaltonen wins face-off versus Calle Jarnkrok in neutral zone.
0:20 of 2nd period - Snap shot by Travis Konecny.
0:20 of 2nd period - Shot Misses the Net.
0:22 of 2nd period - Snap shot by Travis Konecny.
0:22 of 2nd period - Stopped by Filip Gustavsson with a rebound.
0:24 of 2nd period - Wrist shot by Michael Bournival.
0:24 of 2nd period - Shot Blocked by Tony DeAngelo.
0:26 of 2nd period - Slapshot by Calle Jarnkrok.
0:26 of 2nd period - Stopped by Filip Gustavsson with a rebound.
0:40 of 2nd period - Dominik Kahun is hit by Nick Shore and loses puck.
0:51 of 2nd period - Snap shot by Nick Shore.
0:51 of 2nd period - Stopped by Filip Gustavsson with a rebound.
2:36 of 2nd period - Slapshot by Michael McLeod.
2:36 of 2nd period - Stopped by Anton Forsberg with a rebound.
2:38 of 2nd period - Slapshot by Mathieu Joseph.
2:38 of 2nd period - Stopped by Anton Forsberg without a rebound.
2:39 of 2nd period - Calle Jarnkrok wins face-off versus Miro Aaltonen in Phantoms zone.
2:46 of 2nd period - Mirco Mueller is hit by Calle Jarnkrok and loses puck.
2:53 of 2nd period - Snap shot by Michael Bournival.
2:53 of 2nd period - Goal by Michael Bournival - Moose : 1 - Phantoms : 1.
2:54 of 2nd period - Miro Aaltonen wins face-off versus Calle Jarnkrok in neutral zone.
3:03 of 2nd period - Backhand shot by Travis Konecny.
3:03 of 2nd period - Shot Hit the Post.
3:05 of 2nd period - Snap shot by Michael Bournival.
3:05 of 2nd period - Stopped by Filip Gustavsson with a rebound.
3:40 of 2nd period - Snap shot by Erik Nystrom.
3:40 of 2nd period - Deflect By Michael McLeod.
3:40 of 2nd period - Stopped by Filip Gustavsson without a rebound.
3:41 of 2nd period - Michael McLeod wins face-off versus Lucas Wallmarkk in Moose zone.
4:25 of 2nd period - Minor Penalty to Brendan Lemieux for Hooking.
4:26 of 2nd period - Calle Jarnkrok wins face-off versus Chase De Leo in Moose zone.
4:51 of 2nd period - Travis Konecny is hit by Justin Bailey and loses puck.
6:05 of 2nd period - Mark Alt is hit by Nathan Walker and loses puck.
6:25 of 2nd period - Penalty to Brendan Lemieux is over, Brendan Lemieux is back on ice.
6:38 of 2nd period - Snap shot by Sam Reinhart.
6:38 of 2nd period - Stopped by Anton Forsberg with a rebound.
6:40 of 2nd period - Wrist shot by Brendan Lemieux.
6:40 of 2nd period - Stopped by Anton Forsberg without a rebound.
6:41 of 2nd period - Miro Aaltonen wins face-off versus Cristoval Nieves in Phantoms zone.
6:54 of 2nd period - Snap shot by Miro Aaltonen.
6:54 of 2nd period - Goal by Miro Aaltonen - Moose : 2 - Phantoms : 1.
6:55 of 2nd period - Calle Jarnkrok wins face-off versus Miro Aaltonen in neutral zone.
7:02 of 2nd period - Snap shot by Travis Konecny.
7:02 of 2nd period - Shot Misses the Net.
7:04 of 2nd period - Wrist shot by Calle Jarnkrok.
7:04 of 2nd period - Shot Misses the Net.
7:17 of 2nd period - Icing by Vladislav Gavrikov.
7:18 of 2nd period - Nick Shore wins face-off versus Dominik Kahun in Moose zone.
8:03 of 2nd period - Morgan Klimchuk is hit by Michael McLeod and loses puck.
8:30 of 2nd period - Slapshot by Erik Cernak.
8:30 of 2nd period - Stopped by Anton Forsberg with a rebound.
8:32 of 2nd period - Wrist shot by Rem Pitlick.
8:32 of 2nd period - Shot Misses the Net.
8:51 of 2nd period - Sven Andrighetto is hit by Iiro Pakarinen and loses puck.
9:04 of 2nd period - Travis Konecny is hit by Brendan Lemieux and loses puck.
9:10 of 2nd period - Icing by Ivan Provorov.
9:11 of 2nd period - Miro Aaltonen wins face-off versus Calle Jarnkrok in Phantoms zone.
9:36 of 2nd period - Wrist shot by Iiro Pakarinen.
9:36 of 2nd period - Stopped by Anton Forsberg without a rebound.
9:37 of 2nd period - Dominik Kahun wins face-off versus Alex DeBrincat in Phantoms zone.
9:51 of 2nd period - Snap shot by Iiro Pakarinen.
9:51 of 2nd period - Shot Blocked by Reid McNeill.
9:53 of 2nd period - Snap shot by Justin Bailey.
9:53 of 2nd period - Shot Hit the Post.
10:46 of 2nd period - Icing by Mirco Mueller.
10:47 of 2nd period - Chase De Leo wins face-off versus Lucas Wallmarkk in Moose zone.
11:29 of 2nd period - Chase De Leo is hit by Devon Teows and loses puck.
11:36 of 2nd period - Lucas Wallmarkk is hit by Chase De Leo and loses puck.
11:59 of 2nd period - Wrist shot by Erik Nystrom.
11:59 of 2nd period - Shot Misses the Net.
12:01 of 2nd period - Backhand shot by Devon Teows.
12:01 of 2nd period - Shot Misses the Net.
12:03 of 2nd period - Slapshot by Devon Teows.
12:03 of 2nd period - Stopped by Filip Gustavsson without a rebound.
12:04 of 2nd period - Calle Jarnkrok wins face-off versus Miro Aaltonen in Moose zone.
12:13 of 2nd period - Snap shot by Michael Bournival.
12:13 of 2nd period - Shot Misses the Net.
12:33 of 2nd period - Off-side.
12:34 of 2nd period - Nick Shore wins face-off versus Justin Bailey in neutral zone.
12:45 of 2nd period - Snap shot by Alex DeBrincat.
12:45 of 2nd period - Goal by Alex DeBrincat - Moose : 2 - Phantoms : 2.
12:46 of 2nd period - Calle Jarnkrok wins face-off versus Miro Aaltonen in neutral zone.
13:01 of 2nd period - Snap shot by Sam Reinhart.
13:01 of 2nd period - Shot Misses the Net.
13:11 of 2nd period - Dominik Kahun is hit by Alex DeBrincat and loses puck.
13:22 of 2nd period - Snap shot by Nick Shore.
13:22 of 2nd period - Deflect By Iiro Pakarinen.
13:22 of 2nd period - Stopped by Filip Gustavsson with a rebound.
13:40 of 2nd period - Erik Cernak is hit by Cristoval Nieves and loses puck.
13:55 of 2nd period - Snap shot by Brendan Lemieux.
13:55 of 2nd period - Stopped by Anton Forsberg with a rebound.
14:39 of 2nd period - Snap shot by Alex DeBrincat.
14:39 of 2nd period - Stopped by Filip Gustavsson without a rebound.
14:40 of 2nd period - Nick Shore wins face-off versus Iiro Pakarinen in Moose zone.
14:45 of 2nd period - Wrist shot by Nick Shore.
14:45 of 2nd period - Stopped by Filip Gustavsson without a rebound.
14:46 of 2nd period - Brendan Lemieux wins face-off versus Calle Jarnkrok in Moose zone.
15:29 of 2nd period - Off-side.
15:30 of 2nd period - Dominik Kahun wins face-off versus Nick Shore in neutral zone.
15:33 of 2nd period - Slapshot by Tony DeAngelo.
15:33 of 2nd period - Stopped by Anton Forsberg with a rebound.
15:43 of 2nd period - Snap shot by Iiro Pakarinen.
15:43 of 2nd period - Shot Misses the Net.
15:55 of 2nd period - Mark Alt is hit by Mathieu Joseph and loses puck.
16:46 of 2nd period - Wrist shot by Dominik Kahun.
16:46 of 2nd period - Shot Blocked by Reid McNeill.
16:48 of 2nd period - Slapshot by Mirco Mueller.
16:48 of 2nd period - Stopped by Anton Forsberg without a rebound.
16:49 of 2nd period - Nick Shore wins face-off versus Miro Aaltonen in Phantoms zone.
17:10 of 2nd period - Minor Penalty to Sven Andrighetto for Holding.
17:11 of 2nd period - Calle Jarnkrok wins face-off versus Miro Aaltonen in Phantoms zone.
17:37 of 2nd period - Calle Jarnkrok is hit by Justin Bailey and loses puck.
18:38 of 2nd period - Wrist shot by Brendan Leipsic.
18:38 of 2nd period - Goal by Brendan Leipsic - Moose : 2 - Phantoms : 3.
18:39 of 2nd period - Calle Jarnkrok wins face-off versus Brendan Lemieux in neutral zone.
18:50 of 2nd period - Wrist shot by Calle Jarnkrok.
18:50 of 2nd period - Stopped by Filip Gustavsson with a rebound.
18:52 of 2nd period - Snap shot by Ivan Provorov.
18:52 of 2nd period - Deflect By Calle Jarnkrok.
18:52 of 2nd period - Stopped by Filip Gustavsson with a rebound.
19:10 of 2nd period - Penalty to Sven Andrighetto is over, Sven Andrighetto is back on ice.
19:37 of 2nd period - Wrist shot by Jake Dotchin.
19:37 of 2nd period - Stopped by Filip Gustavsson with a rebound.
Goals for this period are 2 for Moose vs 3 for Phantoms.
Shots for this period are 11 for Moose vs 15 for Phantoms.
3rd period
0:01 of 3rd period - Calle Jarnkrok wins face-off versus Brendan Lemieux in neutral zone.
1:43 of 3rd period - Slapshot by Cristoval Nieves.
1:43 of 3rd period - Stopped by Filip Gustavsson with a rebound.
1:45 of 3rd period - Wrist shot by Reid McNeill.
1:45 of 3rd period - Deflect By Michael McLeod.
1:45 of 3rd period - Stopped by Filip Gustavsson without a rebound.
1:46 of 3rd period - Calle Jarnkrok wins face-off versus Miro Aaltonen in Moose zone.
2:07 of 3rd period - Miro Aaltonen is hit by Mark Alt and loses puck.
2:24 of 3rd period - Wrist shot by Miro Aaltonen.
2:24 of 3rd period - Deflect By Sam Reinhart.
2:24 of 3rd period - Stopped by Anton Forsberg without a rebound.
2:25 of 3rd period - Nick Shore wins face-off versus Dominik Kahun in Phantoms zone.
3:11 of 3rd period - Blake Heinrich is hit by Vladislav Gavrikov and loses puck.
3:18 of 3rd period - Iiro Pakarinen is hit by Sven Andrighetto and loses puck.
3:27 of 3rd period - Snap shot by Alex DeBrincat.
3:27 of 3rd period - Stopped by Filip Gustavsson with a rebound.
3:29 of 3rd period - Slapshot by Blake Heinrich.
3:29 of 3rd period - Deflect By Nick Shore.
3:29 of 3rd period - Stopped by Filip Gustavsson without a rebound.
3:30 of 3rd period - Calle Jarnkrok wins face-off versus Miro Aaltonen in Moose zone.
3:41 of 3rd period - Wrist shot by Travis Konecny.
3:41 of 3rd period - Deflect By Michael Bournival.
3:41 of 3rd period - Shot Misses the Net.
3:41 of 3rd period - Puck is out of play.
3:42 of 3rd period - Calle Jarnkrok wins face-off versus Miro Aaltonen in Moose zone.
3:55 of 3rd period - Snap shot by Calle Jarnkrok.
3:55 of 3rd period - Stopped by Filip Gustavsson with a rebound.
3:57 of 3rd period - Slapshot by Reid McNeill.
3:57 of 3rd period - Shot Misses the Net.
4:03 of 3rd period - Minor Penalty to Brendan Lemieux for Charging.
4:04 of 3rd period - Michael Bournival wins face-off versus Chase De Leo in Moose zone.
4:19 of 3rd period - Wrist shot by Calle Jarnkrok.
4:19 of 3rd period - Shot Misses the Net.
5:35 of 3rd period - Snap shot by Michael McLeod.
5:35 of 3rd period - Shot Blocked by Michael Bournival.
6:03 of 3rd period - Penalty to Brendan Lemieux is over, Brendan Lemieux is back on ice.
6:09 of 3rd period - Justin Bailey is hit by Nick Sorensen and loses puck.
6:34 of 3rd period - Mirco Mueller is hit by JC Lipon and loses puck.
7:27 of 3rd period - Lucas Wallmarkk is hit by Rem Pitlick and loses puck.
8:08 of 3rd period - Chase De Leo is hit by Lucas Wallmarkk and loses puck.
8:18 of 3rd period - Icing by Rem Pitlick.
8:19 of 3rd period - Calle Jarnkrok wins face-off versus Chase De Leo in Moose zone.
8:34 of 3rd period - Wrist shot by Rem Pitlick.
8:34 of 3rd period - Shot Misses the Net.
8:42 of 3rd period - Slapshot by Ludwig Bystrom.
8:42 of 3rd period - Deflect By Nick Shore.
8:42 of 3rd period - Stopped by Anton Forsberg with a rebound.
8:56 of 3rd period - Snap shot by Rem Pitlick.
8:56 of 3rd period - Shot Blocked by Sven Andrighetto.
10:18 of 3rd period - Backhand shot by Michael Bournival.
10:18 of 3rd period - Goal by Michael Bournival - Moose : 2 - Phantoms : 4.
10:19 of 3rd period - Michael Bournival wins face-off versus Miro Aaltonen in neutral zone.
10:27 of 3rd period - Minor Penalty to Calle Jarnkrok for Interference.
10:28 of 3rd period - Sam Reinhart wins face-off versus Laurent Dauphin in Phantoms zone.
11:03 of 3rd period - Slapshot by Dominik Kahun.
11:03 of 3rd period - Shot Misses the Net.
12:25 of 3rd period - Vladislav Gavrikov is hit by Cristoval Nieves and loses puck.
12:27 of 3rd period - Penalty to Calle Jarnkrok is over, Calle Jarnkrok is back on ice.
12:29 of 3rd period - Icing by Vladislav Gavrikov.
12:30 of 3rd period - Nick Shore wins face-off versus Dominik Kahun in Moose zone.
12:35 of 3rd period - Slapshot by Nick Shore.
12:35 of 3rd period - Shot Misses the Net.
13:20 of 3rd period - Snap shot by Cristoval Nieves.
13:20 of 3rd period - Shot Misses the Net.
13:54 of 3rd period - Wrist shot by Morgan Klimchuk.
13:54 of 3rd period - Goal by Morgan Klimchuk - Moose : 2 - Phantoms : 5.
13:55 of 3rd period - Calle Jarnkrok wins face-off versus Miro Aaltonen in neutral zone.
14:09 of 3rd period - Minor Penalty to Travis Konecny for Boarding.
14:10 of 3rd period - Calle Jarnkrok wins face-off versus Miro Aaltonen in Phantoms zone.
15:25 of 3rd period - Jake Dotchin is hit by Iiro Pakarinen.
16:08 of 3rd period - Michael Bournival is hit by Iiro Pakarinen and loses puck.
16:09 of 3rd period - Penalty to Travis Konecny is over, Travis Konecny is back on ice.
16:36 of 3rd period - Snap shot by Travis Konecny.
16:36 of 3rd period - Goal by Travis Konecny - Moose : 2 - Phantoms : 6.
16:37 of 3rd period - Nick Shore wins face-off versus Miro Aaltonen in neutral zone.
17:47 of 3rd period - Wrist shot by Michael Bournival.
17:47 of 3rd period - Stopped by Filip Gustavsson without a rebound.
17:48 of 3rd period - Calle Jarnkrok wins face-off versus Miro Aaltonen in Moose zone.
17:55 of 3rd period - Slapshot by Travis Konecny.
17:55 of 3rd period - Shot Blocked by Troy Stetcher.
17:57 of 3rd period - Snap shot by Travis Konecny.
17:57 of 3rd period - Stopped by Filip Gustavsson with a rebound.
17:59 of 3rd period - Slapshot by Michael Bournival.
17:59 of 3rd period - Stopped by Filip Gustavsson with a rebound.
18:01 of 3rd period - Slapshot by Blake Heinrich.
18:01 of 3rd period - Shot Misses the Net.
18:11 of 3rd period - Blake Heinrich is hit by Dominik Kahun and loses puck.
18:25 of 3rd period - Icing by Jake Dotchin.
18:26 of 3rd period - Miro Aaltonen wins face-off versus Nick Shore in Phantoms zone.
18:33 of 3rd period - Wrist shot by Brendan Lemieux.
18:33 of 3rd period - Stopped by Anton Forsberg with a rebound.
19:19 of 3rd period - Miro Aaltonen is hit by Sven Andrighetto and loses puck.
19:30 of 3rd period - Brendan Lemieux is hit by Nick Shore and loses puck.
Goals for this period are 0 for Moose vs 3 for Phantoms.
Shots for this period are 3 for Moose vs 11 for Phantoms.